Unix NetHack Version 3.7.0-66 Work-in-progress - last build Dec 5 2022 03:26:57 (dbea811729ade750c4c0c7f8ab6145c62533a6e7,branch:master).

Game began 2022-12-21 14:28:57, ended 2022-12-22 22:09:40.

stenno, lawful female human Valkyrie

  
stone
stone
stone
stone
stone
stone
stone
stone
stone
stone
stone
stone
stone
stone
stone
stone
stone
stone
stone
stone
stone
stone
stone
stone
stone
stone
stone
stone
stone
stone
stone
stone
stone
stone
stone
stone
stone
stone
stone
stone
stone
stone
stone
stone
stone
stone
stone
stone
stone
stone
stone
stone
stone
stone
stone
stone
stone
stone
stone
stone
stone
stone
stone
stone
stone
stone
stone
stone
stone
stone
stone
stone
stone
stone
stone
stone
stone
stone
stone
stone
stone
stone
stone
stone
stone
stone
stone
stone
stone
stone
stone
stone
stone
stone
stone
stone
stone
stone
stone
stone
stone
stone
stone
stone
stone
stone
stone
stone
stone
stone
stone
stone
stone
stone
stone
stone
stone
stone
stone
stone
stone
stone
stone
stone
stone
stone
stone
stone
stone
stone
stone
stone
stone
stone
stone
stone
stone
stone
stone
stone
stone
stone
stone
stone
stone
stone
stone
stone
stone
stone
stone
stone
stone
stone
stone
stone
stone
stone
stone
stone
stone
stone
stone
stone
stone
stone
stone
stone
stone
stone
stone
stone
stone
stone
stone
stone
stone
stone
stone
stone
stone
stone
stone
stone
stone
stone
stone
stone
stone
stone
stone
stone
stone
stone
stone
stone
stone
stone
stone
stone
stone
stone
stone
stone
stone
stone
stone
stone
stone
stone
stone
stone
stone
stone
stone
stone
stone
stone
stone
stone
stone
stone
stone
stone
stone
stone
stone
stone
stone
stone
stone
stone
stone
stone
stone
stone
stone
stone
stone
stone
stone
stone
stone
stone
stone
stone
stone
stone
stone
stone
stone
stone
stone
stone
stone
stone
stone
stone
stone
stone
stone
stone
stone
stone
stone
wall
wall
wall
wall
wall
wall
wall
wall
wall
wall
wall
wall
wall
wall
wall
wall
wall
wall
wall
wall
wall
wall
wall
wall
stone
stone
stone
stone
stone
stone
stone
stone
stone
stone
stone
stone
stone
stone
stone
stone
stone
stone
stone
stone
stone
stone
stone
stone
stone
stone
stone
stone
stone
stone
stone
stone
stone
stone
stone
stone
stone
stone
stone
stone
stone
stone
stone
stone
stone
stone
stone
stone
stone
stone
stone
stone
stone
stone
stone
wall
.dark part of a room
.dark part of a room
.dark part of a room
.dark part of a room
.dark part of a room
.dark part of a room
.dark part of a room
.dark part of a room
.dark part of a room
.dark part of a room
.dark part of a room
.dark part of a room
.dark part of a room
.dark part of a room
.dark part of a room
.dark part of a room
.dark part of a room
.dark part of a room
.dark part of a room
%a gecko corpse
.dark part of a room
.dark part of a room
wall
stone
stone
stone
stone
stone
stone
stone
stone
stone
stone
stone
stone
stone
stone
stone
stone
stone
stone
stone
stone
stone
stone
stone
stone
stone
stone
stone
stone
stone
stone
stone
stone
stone
stone
stone
stone
stone
stone
stone
stone
stone
stone
stone
stone
stone
stone
stone
stone
stone
stone
stone
stone
stone
stone
stone
wall
.dark part of a room
.dark part of a room
wall
wall
wall
wall
wall
wall
wall
wall
wall
wall
wall
wall
wall
wall
wall
wall
wall
wall
wall
.dark part of a room
wall
stone
stone
stone
stone
stone
stone
stone
stone
stone
stone
stone
stone
stone
stone
stone
stone
stone
stone
stone
stone
stone
stone
stone
stone
stone
stone
stone
stone
stone
stone
stone
stone
stone
stone
stone
stone
stone
stone
stone
stone
stone
stone
stone
stone
stone
stone
stone
stone
stone
stone
stone
stone
stone
wall
wall
wall
wall
.dark part of a room
wall
stone
stone
stone
stone
wall
wall
wall
wall
wall
stone
stone
stone
stone
stone
stone
stone
stone
wall
.dark part of a room
wall
stone
stone
stone
stone
stone
stone
stone
stone
stone
stone
stone
stone
stone
stone
stone
stone
stone
stone
stone
stone
stone
stone
stone
stone
stone
stone
stone
stone
stone
stone
stone
stone
stone
stone
stone
stone
stone
stone
stone
stone
stone
stone
stone
stone
stone
stone
stone
stone
stone
stone
stone
stone
stone
wall
.dark part of a room
.dark part of a room
wall
.dark part of a room
wall
wall
stone
stone
wall
wall
.dark part of a room
.dark part of a room
.dark part of a room
wall
stone
stone
stone
stone
stone
stone
stone
stone
wall
.dark part of a room
wall
stone
stone
stone
stone
stone
stone
stone
stone
stone
stone
stone
stone
stone
stone
stone
stone
stone
stone
stone
stone
stone
stone
stone
stone
stone
stone
stone
stone
stone
stone
stone
stone
stone
stone
stone
stone
stone
stone
stone
stone
stone
stone
stone
stone
stone
stone
stone
stone
stone
stone
stone
stone
stone
wall
.dark part of a room
.dark part of a room
.dark part of a room
.dark part of a room
.dark part of a room
wall
wall
wall
wall
.dark part of a room
.dark part of a room
.dark part of a room
.dark part of a room
wall
stone
stone
stone
stone
stone
stone
stone
stone
wall
.dark part of a room
wall
stone
stone
stone
stone
stone
stone
stone
stone
stone
stone
stone
stone
stone
stone
stone
stone
stone
stone
stone
stone
stone
stone
stone
stone
stone
stone
stone
stone
stone
stone
stone
stone
stone
stone
stone
stone
stone
stone
stone
stone
stone
stone
stone
stone
stone
stone
stone
stone
stone
stone
stone
stone
stone
wall
.dark part of a room
.dark part of a room
.dark part of a room
.dark part of a room
0a boulder
wall
.dark part of a room
.dark part of a room
wall
.dark part of a room
.dark part of a room
.dark part of a room
.dark part of a room
wall
stone
stone
stone
stone
stone
stone
stone
stone
wall
.dark part of a room
wall
stone
stone
stone
stone
stone
stone
stone
stone
stone
stone
stone
stone
stone
stone
stone
stone
stone
stone
stone
stone
stone
stone
stone
stone
stone
stone
stone
stone
stone
stone
stone
stone
stone
stone
stone
stone
stone
stone
stone
stone
stone
stone
stone
stone
stone
stone
stone
stone
stone
stone
stone
stone
stone
wall
wall
.dark part of a room
.dark part of a room
.dark part of a room
.dark part of a room
wall
.dark part of a room
.dark part of a room
.dark part of a room
.dark part of a room
.dark part of a room
.dark part of a room
wall
wall
stone
stone
stone
stone
stone
stone
stone
stone
wall
.dark part of a room
wall
stone
stone
stone
stone
stone
stone
stone
stone
stone
stone
stone
stone
stone
stone
stone
stone
stone
stone
stone
stone
stone
stone
stone
stone
stone
stone
stone
stone
stone
stone
stone
stone
stone
stone
stone
stone
stone
stone
stone
stone
stone
stone
stone
stone
stone
stone
stone
stone
stone
stone
stone
stone
stone
stone
wall
.dark part of a room
.dark part of a room
.dark part of a room
.dark part of a room
%an orc shaman corpse
.dark part of a room
.dark part of a room
wall
.dark part of a room
.dark part of a room
.dark part of a room
wall
stone
stone
stone
wall
wall
wall
wall
wall
wall
wall
.dark part of a room
wall
stone
stone
stone
stone
stone
stone
stone
stone
stone
stone
stone
stone
stone
stone
stone
stone
stone
stone
stone
stone
stone
stone
stone
stone
stone
stone
stone
stone
stone
stone
stone
stone
stone
stone
stone
stone
stone
stone
stone
stone
stone
stone
stone
stone
stone
stone
stone
stone
stone
stone
stone
stone
stone
stone
wall
.dark part of a room
.dark part of a room
.dark part of a room
)a runed spear
wall
[an uncursed +0 leather armor
.dark part of a room
wall
.dark part of a room
%an egg
.dark part of a room
wall
stone
wall
wall
wall
.floor of a room
.floor of a room
.floor of a room
.floor of a room
.floor of a room
wall
%a water nymph corpse
wall
stone
stone
stone
stone
stone
stone
stone
stone
stone
stone
stone
stone
stone
stone
stone
stone
stone
stone
stone
stone
stone
stone
stone
stone
stone
stone
stone
stone
stone
stone
stone
stone
stone
stone
stone
stone
stone
stone
stone
stone
stone
stone
stone
stone
stone
stone
stone
stone
stone
stone
stone
stone
stone
stone
wall
.dark part of a room
.dark part of a room
.dark part of a room
.dark part of a room
wall
wall
wall
wall
.dark part of a room
.dark part of a room
.dark part of a room
wall
stone
wall
.dark part of a room
-open door
.floor of a room
.floor of a room
.floor of a room
.floor of a room
.floor of a room
wall
%a human corpse
wall
stone
stone
stone
stone
stone
stone
stone
stone
stone
stone
stone
stone
stone
stone
stone
stone
stone
stone
stone
stone
stone
stone
stone
stone
stone
stone
stone
stone
stone
stone
stone
stone
stone
stone
stone
stone
stone
stone
stone
stone
stone
stone
stone
stone
stone
stone
stone
stone
stone
stone
stone
stone
stone
stone
wall
.dark part of a room
.dark part of a room
.dark part of a room
.dark part of a room
.dark part of a room
.dark part of a room
.dark part of a room
wall
.dark part of a room
.dark part of a room
wall
wall
stone
wall
wall
wall
.floor of a room
prock piercer
%an iguana corpse
.floor of a room
%a rabid rat corpse
wall
.dark part of a room
wall
stone
stone
stone
stone
stone
stone
stone
stone
stone
stone
stone
stone
stone
stone
stone
stone
stone
stone
stone
stone
stone
stone
stone
stone
stone
stone
stone
stone
stone
stone
stone
stone
stone
stone
stone
stone
stone
stone
stone
stone
stone
stone
stone
stone
stone
stone
stone
stone
stone
stone
stone
stone
stone
stone
wall
wall
wall
wall
.dark part of a room
0a boulder
.dark part of a room
.dark part of a room
wall
.dark part of a room
wall
wall
stone
stone
wall
.dark part of a room
+closed door
.floor of a room
.floor of a room
.floor of a room
.floor of a room
.floor of a room
%some tins
[a cursed pair of gloves called fumble? odld
wall
stone
stone
stone
stone
stone
stone
stone
stone
stone
stone
stone
stone
stone
stone
stone
stone
stone
stone
stone
stone
stone
stone
stone
stone
stone
stone
stone
stone
stone
stone
stone
stone
stone
stone
stone
stone
stone
stone
stone
stone
stone
stone
stone
stone
stone
stone
stone
stone
stone
stone
stone
stone
stone
stone
stone
stone
stone
wall
wall
wall
.dark part of a room
wall
wall
.dark part of a room
wall
stone
stone
stone
wall
wall
wall
.floor of a room
.floor of a room
.floor of a room
.floor of a room
.floor of a room
wall
wall
wall
stone
stone
stone
stone
stone
stone
stone
stone
stone
stone
stone
stone
stone
stone
stone
stone
stone
stone
stone
stone
stone
stone
stone
stone
stone
stone
stone
stone
stone
stone
stone
stone
stone
stone
stone
stone
stone
stone
stone
stone
stone
stone
stone
stone
stone
stone
stone
stone
stone
stone
stone
stone
stone
stone
stone
stone
stone
stone
wall
)an uncursed +1 spear
.dark part of a room
.dark part of a room
.dark part of a room
.dark part of a room
wall
stone
stone
stone
wall
.dark part of a room
+closed door
@human valkyrie called stenno
.floor of a room
.floor of a room
.floor of a room
.floor of a room
wall
stone
stone
stone
stone
stone
stone
stone
stone
stone
stone
stone
stone
stone
stone
stone
stone
stone
stone
stone
stone
stone
stone
stone
stone
stone
stone
stone
stone
stone
stone
stone
stone
stone
stone
stone
stone
stone
stone
stone
stone
stone
stone
stone
stone
stone
stone
stone
stone
stone
stone
stone
stone
stone
stone
stone
stone
stone
stone
stone
stone
wall
>staircase down
.dark part of a room
wall
.dark part of a room
.dark part of a room
wall
stone
stone
stone
wall
wall
wall
%a spotted jelly corpse
$55 gold pieces
$13 gold pieces
$some gold pieces
$some gold pieces
wall
stone
stone
stone
stone
stone
stone
stone
stone
stone
stone
stone
stone
stone
stone
stone
stone
stone
stone
stone
stone
stone
stone
stone
stone
stone
stone
stone
stone
stone
stone
stone
stone
stone
stone
stone
stone
stone
stone
stone
stone
stone
stone
stone
stone
stone
stone
stone
stone
stone
stone
stone
stone
stone
stone
stone
stone
stone
stone
stone
stone
wall
wall
wall
wall
wall
wall
wall
stone
stone
stone
stone
stone
wall
wall
wall
wall
wall
wall
wall
stone
stone
stone
stone
stone
stone
stone
stone
stone
stone
stone
stone
stone
stone
stone
stone
stone
stone
stone
stone
stone
stone
stone
stone
stone
stone
stone
stone
stone
stone
stone
stone
stone
stone
stone
stone
stone
stone
stone
stone
stone
stone
stone
stone
stone
stone
stone
stone
stone
stone
stone
stone
stone
stone
stone
stone
stone
stone
stone
stone
stone
stone
stone
stone
stone
stone
stone
stone
stone
stone
stone
stone
stone
stone
stone
stone
stone
stone
stone
stone
stone
stone
stone
stone
stone
stone
stone
stone
stone
stone
stone
stone
stone
stone
stone
stone
stone
stone
stone
stone
stone
stone
stone
stone
stone
stone
stone
stone
[Stenno the Fighter ] St:13 Dx:16 Co:17 In:8 Wi:11 Ch:9 Lawful Dlvl:2 $:3461 HP:0(64) Pw:15(15) AC:-7 Xp:8 T:5979

Latest messages:

$ - 24 gold pieces (1036 in total).
$ - 41 gold pieces (1077 in total).
$ - 480 gold pieces (1557 in total).
$ - 22 gold pieces (1579 in total).
A rock piercer suddenly drops from the ceiling!
You are almost hit by a falling rock piercer!
You see here an iguana corpse.
The scorpion hits!
The scorpion misses!
The scorpion stings!
The massive hammer hits! Lightning strikes the scorpion!
The massive hammer hits! Lightning strikes the scorpion!
You kill the scorpion!
P - an uncursed war hammer named Mjollnir (weapon in hand).
u - a scroll called scare monster.
You see here an iguana corpse.
$ - 37 gold pieces (1616 in total).
w - a wand called striking.
$ - 48 gold pieces (1664 in total).
$ - 45 gold pieces (1709 in total).
$ - 625 gold pieces (2334 in total).
The door resists!
You feel strong!
You must have been exercising diligently.
You feel tough!
You must have been leading a healthy life-style.
$ - 395 gold pieces (2729 in total).
$ - 43 gold pieces (2772 in total).
$ - 16 gold pieces (2788 in total).
$ - 18 gold pieces (2806 in total).
$ - 13 gold pieces (2819 in total).
$ - 10 gold pieces (2829 in total).
$ - 35 gold pieces (2864 in total).
$ - 49 gold pieces (2913 in total).
You find a giant mimic.
The giant mimic hits!
The giant mimic hits!
The massive hammer hits! Lightning strikes the giant mimic!
The massive hammer hits! Lightning strikes the giant mimic!
The massive hammer hits! Lightning strikes the giant mimic!
You kill the giant mimic!
$ - 548 gold pieces (3461 in total).
You see here a giant mimic corpse.
The massive hammer hits! Lightning strikes the spotted jelly!
You are splashed by the spotted jelly's acid!
The massive hammer hits! Lightning strikes the spotted jelly!
You kill the spotted jelly!
You are splashed by the spotted jelly's acid!
You die...
Do you want your possessions identified? [ynq] (y) q

Inventory:

Coins

$ - 3461 gold pieces

Weapons

m - an uncursed +0 dagger (alternate weapon; not wielded)
P - the uncursed rustproof +0 Mjollnir (weapon in hand)

Armor

R - a blessed +2 elven leather helm (being worn)
N - an uncursed +0 pair of iron shoes (being worn)
c - an uncursed +3 small shield (being worn)
t - an uncursed +0 cloak of protection (being worn)
Z - an uncursed +0 elven mithril-coat (being worn)

Comestibles

z - an uncursed wand of wishing
d - 3 uncursed food rations
v - 2 uncursed fortune cookies
x - 2 uncursed tripe rations

Scrolls

u - an uncursed scroll of scare monster

Rings

p - an uncursed ring of conflict
i - an uncursed ring of protection from shape changers
B - an uncursed ring of slow digestion
Q - a cursed ring of teleportation

Wands

O - an uncursed wand of locking (0:6)
o - an uncursed wand of make invisible (0:6)
y - an uncursed wand of polymorph (0:4)
w - an uncursed wand of striking (0:7)
W - an uncursed wand of striking (0:7)
A - an uncursed wand of teleportation (0:3)

Tools

h - an uncursed bag of holding containing 20 items
k - an uncursed skeleton key
b - an uncursed towel

Gems/Stones

Y - 2 uncursed amethyst stones
X - an uncursed chrysoberyl stone
T - an uncursed jet stone
s - an uncursed luckstone
M - a blessed touchstone

Contents of the bag of holding:

491 gold pieces
a cursed scroll of create monster
a blessed scroll of enchant weapon
a blessed scroll of teleportation
an uncursed scroll of teleportation
2 uncursed scrolls of earth
an uncursed scroll of remove curse
an uncursed spellbook of extra healing
an uncursed potion of speed
an uncursed potion of confusion
an uncursed potion of object detection
a cursed potion of hallucination
an uncursed potion of invisibility
a blessed potion of sleeping
an uncursed potion of restore ability
an uncursed potion of extra healing
an uncursed potion of monster detection
a potion of holy water
a potion of unholy water named b/c 1
an uncursed potion of gain ability

Stenno the Valkyrie's attributes:


Background:

You were a Fighter, a level 8 human Valkyrie.
You were lawful, on a mission for Tyr
who was opposed by Odin (neutral) and Loki (chaotic).
You were in Sokoban, on level 2.
You entered the dungeon 5979 turns ago.
It was nighttime.
There was a new moon in effect when your adventure ended.
You had 2324 experience points, 236 more were needed to attain level 9.

Basics:

You had 0 out of 64 hit points.
You had all 15 energy points (spell power).
Your armor class was -7.
Your wallet contained 3461 zorkmids, and
you had 491 more stashed away in your pack.
Autopickup was on for '$/=?!' plus thrown.

Final Characteristics:

Your strength was 13 (peak:15, limit:18/100).
Your dexterity was 16 (limit:18).
Your constitution was 17 (limit:18).
Your intelligence was 8 (limit:18).
Your wisdom was 11 (limit:18).
Your charisma was 9 (limit:18).

Final Status:

You were not hungry.
You were unencumbered.
You were wielding a hammer.
You were skilled in hammer.

Final Attributes:

You were piously aligned.
You were cold resistant.
You were poison resistant.
You were telepathic.
You were stealthy.
You were protected.
You were fast.
You were very lucky.
You had extra luck.
Bad luck did not time out for you.
Good luck did not time out for you.
You are dead.

Miscellaneous:
You disabled loading of bones levels.
Total elapsed playing time was 1 hour, 1 minute and 18 seconds.

Major events:

Turn

1: stenno the lawful human Valkyrie entered the dungeon
1120: attained the rank of Skirmisher (level 3)
1590: entered the Gnomish Mines
2073: was bestowed with Mjollnir by Tyr
2600: attained the rank of Fighter (level 6)
2618: reached Mine Town
3968: entered Sokoban
4686: completed 2nd Sokoban level
5014: completed 3rd Sokoban level
5853: completed 4th Sokoban level
5938: acquired the Sokoban bag of holding
5979: killed by a spotted jelly

Vanquished creatures:

2 giant mimics
a warg
a small mimic
a warhorse
a pyrolisk
2 large dogs
a tengu
an elf mummy
a human mummy
a giant beetle
a cockatrice
a spotted jelly
a scorpion
a horse
an ice vortex
a werewolf
3 Green-elves
a lizard
a dingo
a housecat
2 jaguars
a blue jelly
a bugbear
an imp
a quasit
a wood nymph
a water nymph
a mountain nymph
2 Mordor orcs
an orc shaman
a rock mole
a pony
a fog cloud
2 yellow lights
a violet fungus
4 gnome leaders
3 gnomish wizards
a kobold mummy
2 giant ants
a floating eye
2 dwarves
2 homunculi
a rothe
2 rabid rats
2 giant bats
an orc zombie
4 dwarf zombies
4 iguanas
2 killer bees
an acid blob
a coyote
a large kobold
2 hobgoblins
7 giant rats
a cave spider
2 brown molds
2 yellow molds
17 gnomes
a garter snake
3 gnome zombies
4 geckos
7 jackals
2 kobolds
4 goblins
3 sewer rats
4 grid bugs
2 bats
8 lichens
2 kobold zombies
6 newts
153 creatures vanquished.
No species were genocided or became extinct.

Voluntary challenges:

You read items or engraved 1 time.
You never engraved Elbereth.
You never genocided any monsters.
You never polymorphed an object.
You never changed form.
You used no wishes.
You did not violate any of the special Sokoban rules.

Achievements:

You entered a shop.
You attained the rank of Skirmisher.
You entered the Gnomish Mines.
You attained the rank of Fighter.
You entered Minetown.
You entered a temple.
You entered Sokoban.
You completed Sokoban.

The Dungeons of Doom: levels 1 to 6

   Level 1:
An altar.
Level 2:
An armor shop, some fountains.
Level 3:
An armor shop, a fountain.
Level 4:
An altar to Tyr.
Stairs down to The Gnomish Mines.
Level 5:
Level 6:
A delicatessen.
Stairs up to Sokoban, level 5.

The Gnomish Mines: levels 5 to 8

   Level 5:
Level 6:
Level 7: "black unicorn"
Many shops, a temple to Tyr, some fountains.
Level 8:

Sokoban: levels 5 up to 2

   Level 2: <- You were here.
Solved.
Final resting place for
you, killed by a spotted jelly.
Level 3:
Solved.
Level 4:
Solved.
Level 5:
Unsolved.

Game over:

----------
/ \
/ REST \
/ IN \
/ PEACE \
/ \
| stenno |
| 3952 Au |
| killed by a |
| spotted jelly |
| |
| |
| 2022 |
*| * * * | *
_________)/\\_//(\/(/\)/\//\/|_)_______

Farvel stenno the Valkyrie...


You died in Sokoban on dungeon level 2 with 13213 points,
and 3952 pieces of gold, after 5979 moves.
You were level 8 with a maximum of 64 hit points when you died.